Map: Catalyst LE

Players

Acid

  • Race: Terran Terran
  • League: Diamond
  • Spawn Location: 11:00

Adapt - Winner!

  • Race: Zerg Zerg
  • League: Diamond
  • Spawn Location: 5:00

VOD

Have the link to the VOD?

Description

memes

Time

  • Played on: July 21, 2018, 12:26 a.m.
  • Length: 16:50
Show
View Real Time Build Order
Export as new Build Order

Acid Terran 

Build Orders: MMM Bio 

Get SALT Encoding   

  12  0:01  SCV  
  13  0:13  SCV  
  14  0:18  Supply Depot  
  14  0:25  SCV  
  15  0:40  SCV  
  15  0:42  Barracks  
  16  0:46  Refinery  
  16  0:52  SCV  
  17  1:04  SCV  
  18  1:16  SCV  
  19  1:28  SCV  
  20  1:33  Reaper  
  20  1:38  Command Center  
  21  1:45  Orbital Command  
  21  2:06  Refinery  
  21  2:12  SCV, Factory  
  22  2:15  Supply Depot  
  22  2:24  SCV  
  22  2:27  Barracks Reactor  
  23  2:39  SCV  
  24  2:51  Orbital Command  
  24  2:53  SCV  
  25  2:59  Starport  
  25  3:07  SCV  
  26  3:13  Barracks Tech Lab  
  26  3:18  SCV, Hellion x2  
  31  3:24  Barracks  
  31  3:25  SCV, Barracks  
  32  3:30  SCV  
  33  3:37  SCV  
  34  3:41  Hellion  
  34  3:43  SCV, Hellion  
  34  3:44  Supply Depot  
  39  3:50  Viking  
  39  3:53  Stimpack  
  41  3:57  Marine  
  41  3:58  SCV  
  41  3:59  SCV  
  44  4:10  SCV  
  44  4:15  SCV  
  46  4:22  Starport Reactor  
  46  4:23  Marine  
  46  4:24  SCV  
  48  4:26  Barracks Reactor  
  48  4:28  Supply Depot  
  48  4:29  Marine x2  
  48  4:30  Factory Reactor  
  50  4:46  SCV  
  50  4:47  Marine  
  50  4:49  Marine  
  53  4:56  SCV  
  53  4:58  SCV  
  55  5:01  Supply Depot  
  55  5:03  Refinery  
  55  5:06  Marine x5  
  60  5:07  Command Center  
  60  5:08  Medivac, Engineering Bay  
  62  5:18  Factory Tech Lab  
  62  5:22  Medivac, SCV x2  
  62  5:28  Supply Depot  
  66  5:31  Marine x4  
  70  5:37  SCV x2, Marine  
  73  5:49  SCV, Marine  
  74  5:50  Marine x3  
  74  5:53  SCV, Supply Depot  
  74  5:56  Supply Depot  
  79  5:57  Terran Infantry Weapons Level 1  
  79  5:58  Medivac x2, Engineering Bay  
  79  6:00  Combat Shields  
  83  6:08  SCV, Armory, Marine  
  85  6:14  SCV  
  85  6:16  Barracks  
  85  6:17  Supply Depot  
  86  6:20  Marine  
  86  6:21  Marine  
  86  6:22  Marine  
  89  6:28  Marine  
  73  6:55  Marine x5  
  73  7:00  SCV x2  
  80  7:01  Orbital Command  
  80  7:03  Terran Infantry Armor Level 1  
  80  7:04  Marine x2  
  80  7:05  Medivac  
  80  7:06  Medivac, Siege Tank  
  87  7:08  Barracks  
  87  7:12  Marine  
  87  7:15  SCV  
  89  7:16  Terran Vehicle Weapons Level 1  
  89  7:18  SCV  
  89  7:20  Refinery, Marine x2  
  92  7:27  Marine x2  
  92  7:29  Marine x2  
  96  7:33  Orbital Command  
  96  7:47  Marine  
  97  7:58  SCV  
  97  7:59  SCV  
  97  8:00  SCV, Marine x2  
  97  8:01  Marine x2  
  96  8:13  Terran Infantry Weapons Level 2  
  96  8:14  Marine x2  
  93  8:25  Marauder  
  93  8:27  Concussive Shells  
  93  8:31  Supply Depot  
  93  8:33  Barracks Tech Lab  
  93  8:35  SCV  
  93  8:40  Sensor Tower  
  94  8:41  SCV x2  
  94  8:44  Supply Depot  
  94  8:45  Supply Depot  
  94  8:46  Supply Depot, Marine  
  94  8:47  Marauder, Marine x5  
  104  8:52  Barracks  
  104  8:53  Barracks  
  104  8:59  Siege Tank  
  107  9:04  SCV  
  107  9:07  Factory  
  108  9:10  Supply Depot  
  108  9:20  SCV x3  
  111  9:25  Command Center  
  111  9:29  Marine x2  
  111  9:30  Marine x2  
  111  9:31  Marauder x2, Marine x2  
  120  9:32  SCV x2  
  123  9:39  Terran Infantry Armor Level 2, SCV  
  123  9:40  Terran Vehicle Weapons Level 2  
  123  9:44  SCV, Siege Tank  
  128  9:46  Barracks Tech Lab x2  
  128  9:47  Marine  
  128  9:50  Refinery, SCV  
  128  9:51  Refinery, SCV  
  131  10:02  Marauder, Marine x2  
  131  10:03  Marauder, Marine x2  
  128  10:15  Factory Tech Lab  
  128  10:26  Marauder x2  
  128  10:27  Marauder x2, Marine x4  
  128  10:28  Marine  
  141  10:30  Factory Tech Lab  
  141  10:34  Terran Infantry Weapons Level 3  
  141  10:37  Orbital Command  
  141  10:40  Supply Depot  
  141  10:44  Siege Tank  
  141  10:45  Medivac x2  
  141  10:47  Command Center  
  148  10:50  Marine  
  148  10:51  Marauder  
  148  10:52  Supply Depot  
  138  11:15  Medivac x2  
  133  11:18  Marine  
  133  11:19  Marauder, Marine x2  
  133  11:20  Marine x2  
  132  11:29  Siege Tank x2  
  127  11:53  Marine x4  
  127  11:54  Marine x6  
  120  12:01  Siege Tank x2  
  122  12:04  Terran Infantry Armor Level 3  
  125  12:11  Marine x5  
  125  12:12  Marauder  
  125  12:13  Marauder  
  131  12:35  Hellbat x2  
  129  12:39  Planetary Fortress  
  129  12:43  Orbital Command  
  129  12:44  Factory  
  129  12:46  Factory  
  129  12:47  Factory  
  129  12:58  Marauder x3  
  135  12:59  Marauder, Marine x2  
  135  13:00  Marine x2  
  135  13:02  Terran Vehicle Weapons Level 3, Refinery  
  135  13:04  Refinery  
  141  13:06  Refinery  
  141  13:08  Hellbat x2  
  145  13:15  Sensor Tower  
  145  13:17  Missile Turret  
  145  13:18  Missile Turret x2  
  145  13:21  Missile Turret  
  145  13:28  Marauder x2  
  146  13:49  Factory Tech Lab x2  
  146  13:50  Factory Tech Lab  
  144  14:17  Marauder x2, Marine x3  
  144  14:18  Marauder x2, Marine x2  
  144  14:19  Thor x2, Marine  
  144  14:20  Thor x3  
  186  14:33  Barracks  
  186  14:34  Barracks  
  186  14:35  Marine  
  189  14:38  Marauder  
  189  14:51  Starport  
  189  14:52  Starport  
  184  14:56  Viking x2  
  185  15:02  Thor  
  150  15:37  Marine  
  150  15:38  Marine x9  
  150  15:40  Viking x2  
  150  15:41  Viking  
  106  15:55  Marine  
  106  15:56  Marine x4  
Show
View Real Time Build Order
Export as new Build Order

Adapt Zerg - Winner!

Build Orders: Hatch First 

Get SALT Encoding   

  12  0:00  Drone  
  13  0:12  Overlord  
  13  0:17  Drone  
  14  0:30  Drone x2  
  14  0:34  Drone  
  17  0:53  Hatchery  
  17  0:55  Drone  
  17  0:59  Drone  
  18  1:10  Extractor  
  17  1:15  Spawning Pool  
  17  1:17  Drone  
  17  1:21  Drone  
  18  1:28  Drone  
  19  1:39  Overlord  
  19  1:49  Drone  
  20  2:01  Queen  
  20  2:02  Zergling x2  
  20  2:04  Queen  
  20  2:05  Zergling x2  
  26  2:13  Drone  
  27  2:23  Hatchery  
  27  2:27  Drone x2  
  28  2:42  Drone  
  28  2:43  Drone x2  
  30  2:47  Metabolic Boost  
  30  2:55  Drone  
  30  2:56  Overlord  
  31  3:09  Drone  
  31  3:10  Drone x3  
  35  3:19  Drone  
  39  3:20  Drone x3  
  39  3:26  Queen  
  41  3:32  Drone x2  
  43  3:35  Queen  
  43  3:36  Overlord  
  43  3:41  Queen  
  45  3:42  Drone  
  45  3:43  Drone  
  49  3:55  Overlord  
  49  3:58  Drone  
  49  3:59  Drone x5  
  55  4:05  Zergling x4  
  56  4:16  Zergling x6  
  57  4:23  Lair  
  57  4:27  Extractor  
  57  4:29  Overlord x2  
  56  4:31  Drone  
  57  4:42  Zergling x2  
  57  4:43  Zergling x6  
  56  4:50  Overlord x2  
  55  4:53  Drone x9  
  64  5:00  Baneling Nest  
  64  5:01  Evolution Chamber  
  64  5:05  Evolution Chamber  
  64  5:06  Drone x3  
  64  5:11  Queen  
  66  5:14  Spore Crawler  
  66  5:16  Drone, Spore Crawler  
  66  5:17  Drone x2, Spore Crawler  
  64  5:22  Zergling x2  
  64  5:23  Zergling x10  
  64  5:25  Queen  
  72  5:31  Extractor  
  72  5:34  Extractor  
  70  5:36  Hydralisk Den, Zerg Melee Weapons Level 1  
  69  5:43  Zergling x12  
  69  5:45  Baneling  
  69  5:46  Baneling x2  
  75  5:50  Extractor  
  75  5:52  Drone x3, Extractor  
  76  5:59  Drone x3  
  76  6:01  Overlord x3  
  79  6:07  Drone x2  
  81  6:21  Overlord  
  81  6:22  Overlord x2  
  81  6:36  Extractor  
  81  6:38  Hatchery  
  70  6:41  Zergling x2  
  70  6:42  Zergling x22, Extractor  
  74  6:54  Zergling x4  
  74  6:55  Zergling x6  
  77  7:02  Baneling x8  
  77  7:07  Zergling x2  
  77  7:08  Zergling x4  
  78  7:13  Drone x3  
  81  7:17  Drone  
  81  7:20  Drone x3  
  85  7:32  Hydralisk  
  85  7:33  Hydralisk x5  
  85  7:35  Grooved Spines  
  85  7:36  Zerg Ground Armor Level 1, Zerg Melee Weapons Level 2  
  97  7:42  Drone x3  
  100  7:52  Centrifical Hooks  
  100  7:55  Infestation Pit  
  97  8:07  Hydralisk x7  
  98  8:28  Drone x2  
  98  8:29  Drone x2  
  98  8:30  Drone  
  98  8:31  Drone x2  
  98  8:32  Drone x6  
  98  8:34  Overlord x2  
  111  8:40  Hive  
  111  8:47  Muscular Augments  
  111  8:48  Queen  
  111  8:49  Drone x3  
  111  8:51  Drone x3  
  119  8:55  Overseer  
  119  8:57  Pneumatized Carapace  
  119  9:04  Spire  
  119  9:05  Pathogen Glands  
  118  9:19  Drone x3  
  118  9:20  Drone  
  118  9:22  Spore Crawler  
  118  9:23  Drone, Spore Crawler x3  
  119  9:31  Zerg Ground Armor Level 2  
  119  9:44  Hydralisk x8  
  135  9:46  Zergling x2  
  135  9:48  Overlord x2  
  135  9:49  Overlord  
  135  10:19  Adrenal Glands  
  135  10:20  Zerg Melee Weapons Level 3  
  135  10:23  Greater Spire  
  135  10:24  Infestor x5  
  135  10:26  Zergling x2  
  135  10:27  Zergling x28  
  160  10:30  Overlord x2  
  160  10:37  Neural Parasite  
  136  11:17  Zergling x2  
  136  11:18  Zergling x36  
  152  11:33  Corruptor  
  152  11:34  Corruptor x7  
  144  11:59  Infestor x7  
  158  12:04  Baneling x8  
  158  12:06  Zergling x10  
  163  12:31  Zerg Ground Armor Level 3  
  163  12:37  Zergling x2  
  163  12:38  Zergling x22  
  175  12:49  Burrow  
  175  12:57  Zerg Missile Weapons Level 1  
  175  13:01  Overlord x2  
  175  13:02  Overlord x3  
  175  13:07  Zerg Flyer Weapons Level 1  
  175  13:19  Queen  
  177  13:23  Brood Lord x7, Spine Crawler  
  177  13:24  Spine Crawler  
  177  13:25  Spine Crawler  
  188  13:27  Brood Lord  
  188  13:30  Zergling x10  
  188  13:31  Zergling x10  
  184  14:18  Corruptor x5  
  184  14:19  Corruptor x3  
  184  14:23  Baneling  
  200  14:24  Baneling x14  
  200  14:44  Extractor  
  199  14:46  Hatchery  
  199  14:48  Extractor  
  190  15:02  Infestor x11  
  190  15:06  Brood Lord x6  
  199  15:08  Zergling x2  
  182  15:43  Zergling x2  
  182  15:44  Zergling x36  
Tags
 
Composition
MMM Bio
Matchup
TvZ
Spawn Locations
Cross Positions
Add a new tag
Caveats
  • Supply blocks, unpowered buildings, or Contaminate may cause inaccurate times.
  • Supply counts are checked every 10 seconds.